 Dungeon Crawl Stone Soup version 0.30.0-15-g856e2d3f33 (webtiles) character file.

Game seed: 4950815196064142014

800 monsoonserge the Cudgeller (level 8, -10/67 HPs)
             Began as a Meteoran Fighter on May 18, 2023.
             Was a Believer of Wu Jian.
             Mangled by Edmund
             ... wielding a +6 dire flail of protection
              (12 damage)
             ... on level 5 of the Dungeon.
             The game lasted 00:14:57 (2034 turns).

monsoonserge the Cudgeller (Meteoran Fighter)       Turns: 2034, Time: 00:14:58

Health: -10/67     AC:  8    Str: 20    XL:     8   Next: 36%
Magic:  9/9        EV: 10    Int: 10    God:    Wu Jian [**....]
Gold:   174        SH:  5    Dex: 13    Spells: 7/7 levels left

rFire   . . .        a - +0 flail
rCold   + . .        c - +0 buckler
rNeg    . . .        b - +0 scale mail
rPois   .            p - +0 helmet
rElec   .            (no cloak)
rCorr   .            (no gloves)
SInv    .            (no boots)
Will    +....        u - amulet of faith Stlth
                     g - ring of protection from cold
HPRegen 0.31/turn    (no ring)
MPRegen 0.11/turn

%: faith
@: mighty, glowing
A: sense surroundings 1, otherworldly, glowing, explore regen
a: Renounce Religion, Wall Jump


You were on level 5 of the Dungeon.
You worshipped Wu Jian.
Wu Jian was pleased with you.
You visited 1 branch of the dungeon, and saw 6 of its levels.
You also visited: Ossuary.

You collected 174 gold pieces.

Inventory:

Hand Weapons
 a - a +0 flail (weapon)
Missiles
 f - 9 poisoned darts (quivered)
 B - 6 atropa-tipped darts
Armour
 b - a +0 scale mail (worn)
 c - a +0 buckler (worn)
 p - a +0 helmet (worn)
Jewellery
 g - a ring of protection from cold (left hand)
 u - an amulet of faith (around neck)
Wands
 y - a wand of paralysis (4)
Scrolls
 h - 3 scrolls of teleportation
 i - a scroll of enchant armour {unknown}
 j - a scroll of magic mapping {unknown}
 k - a scroll of fog {unknown}
 l - 4 scrolls of poison
 n - 3 scrolls of blinking
 o - a scroll of brand weapon {unknown}
 r - 3 scrolls of silence
 s - 2 scrolls of amnesia {unknown}
 v - a scroll of enchant weapon {unknown}
 w - 2 scrolls of vulnerability {unknown}
 A - a scroll of identify
Potions
 e - 2 potions of curing
 q - 4 potions of attraction
 t - a potion of invisibility {unknown}
 x - 2 potions of mutation {unknown}
 z - 2 potions of magic {unknown}


   Skills:
 + Level 4.9 Fighting
 + Level 7.8 Maces & Flails
 + Level 6.0 Armour
 + Level 2.4 Dodging
 + Level 4.8 Shields
 - Level 1.0 Evocations


You had 7 spell levels left.
You didn't know any spells.
Your spell library contained the following spells:

 Spells                   Type           Power      Damage    Failure   Level
 Volatile Blastmotes      Fire/Tloc      0%         2d10      98%         3
 Fulminant Prism          Conj/Hex       0%         3d5       100%        4
 Iskenderun's Mystic Bla  Conj/Tloc      0%         2d3       100%        4
 Passage of Golubria      Tloc           0%         N/A       100%        4
 Lee's Rapid Deconstruct  Erth           0%         3d4*      100%        5
 Silence                  Hex/Air        0%         N/A       100%        5
 Lehudib's Crystal Spear  Conj/Erth      0%         10d2      100%        8


Dungeon Overview and Level Annotations

Branches:
Dungeon (6/15) Zot: 1738  Ossuary (visited)
 Temple: D:4-7

Altars:
Fedhas
Trog
Wu Jian

Annotations:
D:5 Edmund


Innate Abilities, Weirdness & Mutations

You passively map a small area around you.
You are easily found by Zot.
You glow in the dark.
You regain HP and MP as you explore.


Message History

Edmund says, "You wouldn't believe how much I paid for this flail."
Edmund hits you with a +6 dire flail of protection!!
You barely miss Edmund.
Edmund is lightly wounded.
Edmund hits you with a +6 dire flail of protection.
Okay, then.
You feel very mighty all of a sudden.
Edmund hits you with a +6 dire flail of protection.
* * * LOW HITPOINT WARNING * * *
You closely miss Edmund.
Edmund is lightly wounded.
Edmund hits you with a +6 dire flail of protection.
* * * LOW HITPOINT WARNING * * *
You hit Edmund.
Edmund is lightly wounded.
Edmund hits you with a +6 dire flail of protection.
* * * LOW HITPOINT WARNING * * *
You sock Edmund!
Edmund is moderately wounded.
Edmund hits you with a +6 dire flail of protection.
* * * LOW HITPOINT WARNING * * *
You closely miss Edmund.
Edmund is moderately wounded.
Edmund hits you with a +6 dire flail of protection!
* * * LOW HITPOINT WARNING * * *
You feel much better.
Edmund hits you with a +6 dire flail of protection!
* * * LOW HITPOINT WARNING * * *
You thump Edmund!
Edmund is severely wounded.
Edmund hits you with a +6 dire flail of protection.
* * * LOW HITPOINT WARNING * * *
You closely miss Edmund.
Edmund is severely wounded.
Edmund hits you with a +6 dire flail of protection.
* * * LOW HITPOINT WARNING * * *
You sock Edmund!
Edmund is almost dead.
Edmund hits you with a +6 dire flail of protection!
You die...

* *#. * * ##. *
## * #.. .# * ,
#.###..#####.##.#
#..........>....#
####.#.###.###.#
#.#.# #.# . *
#.#.###.# #.#
#.@@..#.# ##.. *
###.#.#.# ##...#
#.....# #)....#
#.#.### .......##
...># * ........#
,... ., ........'
,.... # .......<#
*(## .......##
#.....# #


You could see Edmund.

Vanquished Creatures
  Duvessa (D:5)
  2 ice beasts (D:6)
  A centaur (D:6)
  A scorpion (D:5)
  Dowan (D:5)
  A hound (D:5)
  Ijyb (D:5)
  An iguana (D:6)
  3 hound zombies (Ossuary)
  5 mummies
  4 adders
  A dart slug (D:3)
  An orc (D:3)
  5 bats
  5 endoplasms
  10 giant cockroaches (D:2)
  9 hobgoblins
  4 jackals (D:1)
  10 kobolds
  2 quokkas
  7 ball pythons
  5 frilled lizards (D:1)
  4 goblins
  2 goblin zombies
  A hobgoblin zombie (Ossuary)
  2 jackal zombies (Ossuary)
  A kobold zombie (Ossuary)
  2 orc zombies
  9 rats
  3 rat zombies (Ossuary)
104 creatures vanquished.

Notes
Turn   | Place    | Note
-------+----------+-------------------------------------------
     0 | D:1      | monsoonserge the Meteoran Fighter began the quest for the
                  | Orb.
     0 | D:1      | Reached XP level 1. HP: 19/19 MP: 2/2
    26 | D:1      | Reached XP level 2. HP: 22/26 MP: 3/3
    43 | D:1      | Reached skill level 3 in Maces & Flails
   318 | D:1      | Reached XP level 3. HP: 30/31 MP: 4/4
   544 | D:2      | Found an ornate altar of the Wu Jian Council.
   555 | D:2      | Became a worshipper of the Wu Jian Council
   732 | D:2      | Reached XP level 4. HP: 40/40 MP: 5/5
   810 | D:2      | Reached skill level 4 in Maces & Flails
   814 | D:2      | Reached * piety under Wu Jian
  1097 | D:3      | Reached XP level 5. HP: 46/46 MP: 6/6
  1133 | D:3      | Found a bloodstained altar of Trog.
  1133 | D:3      | Found a blossoming altar of Fedhas.
  1290 | D:5      | Entered Level 5 of the Dungeon
  1361 | D:5      | Reached ** piety under Wu Jian
  1368 | D:5      | Found a sand-covered staircase.
  1378 | Ossuary  | Entered an ossuary
  1403 | Ossuary  | Reached skill level 1 in Dodging
  1404 | Ossuary  | Reached skill level 5 in Maces & Flails
  1411 | Ossuary  | Reached XP level 6. HP: 52/52 MP: 7/7
  1644 | D:5      | Reached skill level 6 in Maces & Flails
  1719 | D:5      | Noticed Ijyb
  1743 | D:5      | Killed Ijyb
  1744 | D:5      | Reached skill level 1 in Evocations
  1777 | D:5      | Reached XP level 7. HP: 53/59 MP: 8/8
  1842 | D:5      | Noticed Duvessa
  1844 | D:5      | Noticed Dowan
  1876 | D:5      | Killed Duvessa
  1877 | D:5      | Reached skill level 5 in Armour
  1882 | D:5      | Killed Dowan
  1918 | D:6      | Reached skill level 7 in Maces & Flails
  1943 | D:6      | Reached XP level 8. HP: 44/67 MP: 9/9
  2021 | D:5      | Noticed Edmund
  2030 | D:5      | HP: 2/67 [Edmund/+6 dire flail of protection (9)]
  2034 | D:5      | Mangled by Edmund

Illustrated notes

Levels and vault maps discovered:
D:1:      minmay_arrival_radiant_lines, layout_basic
D:2:      minmay_roachtagon, layout_basic, basic_altar
D:3:      layout_loops_ring, gammafunk_temple_overflow_statue,
          nicolae_figureground_pulse
D:4:      layout_rooms
D:5:      layout_loops_corners, lemuel_temple_firewalk_a,
          nicolae_ossuary_entry_giza, uniq_ijyb, uniq_duvessa, uniq_edmund
D:6:      layout_gridville, mainiacjoe_overflow_brackets, st_stairs_7

Skill      XL: |  1  2  3  4  5  6  7  8 |
---------------+-------------------------+-----
Maces & Flails | 3 4 5 6 7 |  7.8
Shields        | 4 |  4.8
Armour         | 4 5 6 |  6.0
Fighting       | 4 |  4.9
Dodging        | 1 2 |  2.4
Evocations     | 1 |  1.0

Action                     |  1- 3 |  4- 6 |  7- 9 || total
---------------------------+-------+-------+-------++-------
  Melee: Flail             |    95 |   236 |    71 ||   402
Ability: Lunge             |     2 |    13 |     6 ||    21
         Whirlwind         |       |    39 |     1 ||    40
    Use: Scroll            |       |     7 |       ||     7
         Potion            |       |     1 |     3 ||     4
 Armour: Scale mail        |    49 |   113 |    34 ||   196
  Dodge: Dodged            |    42 |    77 |    17 ||   136
  Block: Buckler           |    27 |    64 |    11 ||   102
